 Dungeon Crawl Stone Soup version 0.28.0 (webtiles) character file.

Game seed: 9252588553714021995

80 fragbeetle the Chopper (level 4, -1/39 HPs)
             Began as a Hill Orc Cinder Acolyte on Feb 7, 2022.
             Was a High Priest of Ignis.
             Succumbed to an orc wizard's poison
             ... on level 2 of the Dungeon.
             The game lasted 00:03:11 (3022 turns).

fragbeetle the Chopper (Hill Orc Cinder Acolyte)    Turns: 3022, Time: 00:03:11

Health: -1/39      AC:  2    Str: 18    XL:     4   Next: 39%
Magic:  1/5        EV: 11    Int: 14    God:    Ignis [*****.]
Gold:   19         SH:  0    Dex:  6    Spells: 3/5 levels left

rFire   + . .      SeeInvis .   l - +0 war axe
rCold   . . .      Faith    .   (no shield)
rNeg    . . .      Spirit   .   j - +0 robe {Will+}
rPois   .          Reflect  .   (no helmet)
rElec   .          Harm     .   (no cloak)
rCorr   .          Rampage  .   (no gloves)
Will    +....                   (no boots)
Stlth   +.........              e - amulet of the acrobat
HPRegen 0.13/turn               (no ring)
MPRegen 0.09/turn               (no ring)

@: lethally poisoned (-1 -> -19)
A: no striking features
a: Renounce Religion, Fiery Armour, Foxfire Swarm, Rising Flame


You were on level 2 of the Dungeon.
You worshipped Ignis.
Ignis was extremely pleased with you.
You visited 1 branch of the dungeon, and saw 3 of its levels.

You collected 19 gold pieces.

Inventory:

Hand Weapons
 a - a -1 hand axe of flaming
 l - a +0 war axe (weapon)
Missiles
 d - 6 poisoned darts
Armour
 j - a +0 robe of willpower (worn)
Jewellery
 e - an amulet of the acrobat (around neck)
Scrolls
 f - 3 scrolls of identify {unknown}
 g - 2 scrolls of amnesia {unknown}
 k - 2 scrolls of teleportation {unknown}
Potions
 b - a potion of attraction {unknown}
 c - a potion of heal wounds
 h - a potion of berserk rage {unknown}
 i - a potion of invisibility {unknown}


   Skills:
 - Level 3.6 Fighting
 * Level 5.5 Axes
 - Level 1.0 Spellcasting
 * Level 4.5 Fire Magic


You had 3 spell levels left.
You knew the following spells:

 Your Spells              Type           Power      Damage    Failure   Level
a - Scorch                Fire           26%        2d6       6%          2

Your spell library contained the following spells:

 Spells                   Type           Power      Damage    Failure   Level
 Static Discharge         Conj/Air       0%         N/A       36%         2
 Lightning Bolt           Conj/Air       0%         1d11      100%        5
 Maxwell's Capacitive Co  Air            0%         ∞         100%        8


Dungeon Overview and Level Annotations

Branches:
Dungeon (3/15)

Altars:

Shops:
D:1 [   D:2 *


Message History

Confirm with . or Enter, or press ? or * to list all spells.
Flames lash something.
You hear some strange, mumbled words.
Something tries to affect you, but you resist.
Unknown command.
You hear some strange, mumbled words.
A puff of flame appears from out of thin air!
The puff of flame misses you.
You closely miss something. Something hits you.
You are poisoned.
You miss something.
You feel very sick. Something hits you but does no damage.
You are lethally poisoned!
Something hits you.
* * * LOW HITPOINT WARNING * * *
You are more poisoned.
Unknown command.
It was a potion of heal wounds.
You feel much better.
You feel extremely sick. Something hits you.
You closely miss something.
You feel very sick. Something barely misses you.
You completely miss something.
* * * LOW HITPOINT WARNING * * *
You feel very sick.
An orc wizard appears from thin air!
Reactivating autopickup.
The orc wizard closely misses you.
You closely miss the orc wizard.
The orc wizard is moderately wounded.
* * * LOW HITPOINT WARNING * * *
You feel very sick.
The orc wizard hits you with a +2 dagger of venom.
* * * LOW HITPOINT WARNING * * *
You are more poisoned.
You completely miss the orc wizard.
The orc wizard is moderately wounded.
You die...

# #.###.##.##...##....#)..#.# #
#.##...#....∩......≈#...#.# #
#........##...##..≈≈#.....# #
##.#..##.###.###..≈8#...### #
#^#...###.##.# #..≈≈#...# #
##.#.###.###.# ##..≈###.#
#######..##.####'## ##..# #.####
##...###.#.####...## #### #....#
#...###..####..@..## #####.#
##...#.#.####...o...## ##.###.#
.........###.........####..<##.#
...........'.........'.......#.#
.[......####..>......####...##.#
##...#.## ##.......## ##.###.#
#...### ##.....## ######.##
#...# ##...## ##.......# ##.##
##'## ##...###..#


You could see an orc wizard.

Vanquished Creatures
  Jessica (D:2)
  A worm (D:2)
  3 dart slugs
  3 orcs
  4 endoplasms
  A giant cockroach (D:2)
  5 goblins
  4 hobgoblins
  2 jackals (D:1)
  6 kobolds
  A ball python (D:1)
  5 bats
  3 frilled lizards
  3 rats (D:1)
42 creatures vanquished.

Notes
Turn   | Place    | Note
-------+----------+-------------------------------------------
     0 | D:1      | fragbeetle the Hill Orc Cinder Acolyte began the quest for
                  | the Orb.
     0 | D:1      | Reached XP level 1. HP: 19/19 MP: 2/2
   103 | D:1      | Found Eblim's Antique Armour Emporium.
   160 | D:1      | Reached XP level 2. HP: 26/26 MP: 3/3
   186 | D:1      | Learned a level 2 spell: Scorch
   999 | D:1      | Reached XP level 3. HP: 30/31 MP: 1/4
  1810 | D:2      | Reached skill level 5 in Axes
  2054 | D:2      | Noticed Jessica
  2057 | D:2      | Killed Jessica
  2058 | D:2      | Reached XP level 4. HP: 39/39 MP: 0/5
  2146 | D:2      | Found Qigis's Assorted Antiques.
  2490 | D:2      | Found a faded altar of an unknown god.
  3022 | D:2      | Succumbed to an orc wizard's poison

Illustrated notes

Levels and vault maps discovered:
D:1:      dpeg_arrival_arbitrary_c, layout_basic, serial_shops, shop
D:2:      layout_loops_corners, dreamdust_ecumenical_altar_angels_and_demons,
          serial_shops, shop, hex_large, moated_statue,
          kennysheep_generic_room_3, uniq_jessica
D:3:      layout_loops_ring, uniq_robin

Skill      XL: |  1  2  3 |
---------------+----------+-----
Fire Magic     | 4 |  4.5
Axes           | 5 |  5.5
Fighting       | |  3.6
Spellcasting   | |  1.0

Action                   |  1- 3 |  4- 6 || total
-------------------------+-------+-------++-------
Melee: Hand axe          |    93 |    15 ||   108
       War axe           |       |     9 ||     9
 Cast: Scorch            |     5 |     4 ||     9
  Use: Potion            |       |     1 ||     1
Armor: Robe              |    20 |     1 ||    21
Dodge: Dodged            |    63 |    15 ||    78
